 Dungeon Crawl Stone Soup version 0.25-a0-294-gea9b1ad378 (webtiles) character file.

Game seed: 4458961013314410200, levelgen mode: classic

340 Borgoz the Slasher (level 6, -1/55 HPs)
             Began as a Gargoyle Monk on Dec 19, 2019.
             Slain by an ogre
             ... wielding a +0 giant club
              (5 damage)
             ... on level 4 of the Dungeon.
             The game lasted 00:04:15 (2403 turns).

Borgoz the Slasher (Gargoyle Monk)                  Turns: 2403, Time: 00:04:16

Health: -1/55      AC: 23    Str: 15    XL:     6   Next: 56%
Magic:  6/6        EV:  2    Int: 10    God:
Gold:   119        SH:  4    Dex: 14    Spells: 5/5 levels left

rFire    . . .     SeeInvis .   a - +0 falchion
rCold    . . .     Gourm    .   u - +0 buckler
rNeg     + + +     Faith    .   (armour currently unavailable)
rPois    ∞         Spirit   .   (helmet currently unavailable)
rElec    .         Reflect  .   (cloak currently unavailable)
rCorr    .         Harm     .   (gloves currently unavailable)
MR       .....     NoTele   +   (boots currently unavailable)
Stlth    ++........             (no amulet)
HPRegen  0.18/turn              j - +5 ring of slaying
MPRegen  0.10/turn              (no ring)

@: tree-form
A: negative energy resistance 1, petrification resistance, rot immunity, AC +4
a: no special abilities


You were on level 4 of the Dungeon.
You were not hungry.
You were a tree.
You visited 1 branch of the dungeon, and saw 4 of its levels.

You collected 119 gold pieces.

Inventory:

Hand Weapons
 a - a +0 falchion (weapon)
Armour
 h - a +0 pair of gloves (melded)
 m - a +0 ring mail (melded)
 u - a +0 buckler (worn)
Jewellery
 j - a +5 ring of slaying (left branch)
 q - an uncursed ring of fire
Scrolls
 b - a scroll of blinking {unknown}
 e - 2 scrolls of remove curse
 i - a scroll of teleportation
 n - a scroll of magic mapping
 t - a scroll of fear {unknown}
Potions
 d - 2 potions of brilliance {unknown}
 g - 2 potions of flight {unknown}
 p - 3 potions of curing {unknown}
 r - a potion of degeneration {unknown}
Comestibles
 c - 8 rations
 f - 6 chunks of flesh


   Skills:
 - Level 3.2 Fighting
 + Level 4.2 Long Blades
 + Level 3.6 Armour
 + Level 3.7 Dodging
 - Level 2.1 Stealth
 + Level 2.0 Shields


You had 5 spell levels left.
You didn't know any spells.
Your spell library was empty.

Dungeon Overview and Level Annotations

Branches:
Dungeon (4/15)
 Temple: D:4-7

Altars:
Elyvilon
Nemelex Xobeh
Okawaru


Innate Abilities, Weirdness & Mutations

You are resistant to torment.
((Your stone body is resilient. (AC +4)))
You are immune to poison.
You resist negative energy. (rN+)
((You are resistant to electric shocks. (rElec)))
((You can survive without breathing.))
You are immune to petrification.
You are immune to rotting.


Message History

The magic dart hits you but does no damage.
You completely miss something.
You feel less invigorated.
You feel less confused. The ogre hits you with a +0 giant club.
* * * LOW HITPOINT WARNING * * *
Something hits you but does no damage. The orc hits you but does no damage.
You hit the ogre but do no damage.
The ogre is heavily wounded.
Something hits you but does no damage. The orc hits you with a +0 whip.
* * * LOW HITPOINT WARNING * * *
You block the ogre's attack. Something hits you but does no damage.
You hit the ogre.
The ogre is severely wounded.
Something hits you but does no damage. You block the orc's attack.
The ogre hits you but does no damage.
You hit the ogre.
The ogre is severely wounded.
The orc hits you but does no damage. Something hits you but does no damage.
The ogre hits you with a +0 giant club.
You die...

######*
*********###########****#.....###
,,,,,,,,,..........#,,,,#....)'..
,,,,,,,,,..........#....#...<.#..
,,,,,,,,,..........#....#.....#..
,,,,,,,,,......Oo..+....#.....#.<
,,,,,,,,,......{♣..#....#.....#..
,,,******########'##....#.....#..
,,,**,,,,,,##.....##....#.....#..
,,,**,,,,,..............#.....+..
,,,*,,,,,,..............#,,,,,#..
,,,*,,,,,,..............#,,,,,#..
,,,**,,,,,.##.....##....#.....#..
,,,**,,,,,,*#+######....#.....#,,
,,,**,,,,,.##.....##....#.....###


You could see an ogre and an orc.

Vanquished Creatures
  An ogre (D:4)
  An orc priest (D:4)
  A worker ant (D:4)
  3 hound skeletons (D:3)
  A worker ant zombie (D:3)
  A howler monkey skeleton (D:3)
  4 adders
  An ooze (D:3)
  An adder zombie (D:3)
  An adder skeleton (D:3)
  2 dart slugs (D:3)
  A leopard gecko (D:3)
  6 orcs
  A ball python (D:3)
  7 giant cockroaches
  9 goblins
  15 hobgoblins
  A jackal (D:3)
  3 quokkas
  9 bats
  3 frilled lizards
  7 kobolds
  A leopard gecko skeleton (D:3)
  A quokka skeleton (D:3)
  7 rats
88 creatures vanquished.

Notes
Turn   | Place    | Note
-------+----------+-------------------------------------------
     0 | D:1      | Borgoz the Gargoyle Monk began the quest for the Orb.
     0 | D:1      | Reached XP level 1. HP: 14/14 MP: 1/1
   118 | D:1      | Reached XP level 2. HP: 16/19 MP: 2/2
   123 | D:1      | Reached skill level 1 in Armour
   169 | D:1      | Reached skill level 3 in Long Blades
   571 | D:1      | Reached XP level 3. HP: 23/23 MP: 3/3
  1157 | D:2      | Found a white marble altar of Elyvilon.
  1203 | D:2      | Reached XP level 4. HP: 21/28 MP: 4/4
  1665 | D:3      | Reached XP level 5. HP: 25/32 MP: 5/5
  2192 | D:3      | Reached skill level 1 in Shields
  2282 | D:3      | Found a sparkling altar of Nemelex Xobeh.
  2282 | D:3      | Found an iron altar of Okawaru.
  2333 | D:4      | Noticed an ogre
  2340 | D:4      | Killed an ogre
  2340 | D:4      | Reached skill level 4 in Long Blades
  2340 | D:4      | Reached XP level 6. HP: 37/37 MP: 6/6
  2403 | D:4      | Slain by an ogre

Levels and vault maps discovered:
D:1:      giann_wishing_wells, layout_basic, minmay_misc_feat_ornament
D:2:      layout_rooms, elyvilon_altar_5, first_ration
D:3:      minmay_razor_zed, layout_rooms, amethyst_overflow_temple_binary,
          serial_undead, serial_undead_b, serial_undead_b, serial_undead_d,
          serial_undead_a, serial_undead_b, serial_undead_b, serial_undead_d,
          serial_undead_d, st_stairs_6
D:4:      layout_gridville, uniq_pikel

Skill      XL: |  1  2  3  4  5  6 |
---------------+-------------------+-----
Armour         | 1 2 3 |  3.6
Long Blades    | 3 4 |  4.2
Dodging        | 3 |  3.7
Shields        | 1 2 |  2.0
Fighting       | |  3.2
Stealth        | |  2.1

Action                   |  1- 3 |  4- 6 || total
-------------------------+-------+-------++-------
Melee: Falchion          |   109 |   130 ||   239
  Use: Scroll            |       |     6 ||     6
       Potion            |       |     2 ||     2
 Stab: Sleeping          |     7 |     1 ||     8
  Eat: Chunk             |     1 |     4 ||     5
Armor: Robe              |    45 |    16 ||    61
       Ring mail         |       |    32 ||    32
       Skin              |       |    15 ||    15
Dodge: Dodged            |    88 |    72 ||   160
Block: Buckler           |       |    18 ||    18
       Rpst.: Falchion   |    26 |    23 ||    49

Table legend:
 A = Non-vault XP
 B = Vault XP
 C = Vault XP percentage of total XP
 D = Non-vault monster count
 E = Vault monster count
 F = Vault count percentage of total count
                 A         B        C        D         E       F
            +---------+---------+-------+---------+---------+-------
      Total |     360 |     127 |  26.1 |      67 |      21 |  23.9
            +---------+---------+-------+---------+---------+-------
        D:1 |      54 |       0 |   0.0 |      32 |       0 |   0.0
        D:2 |      61 |       0 |   0.0 |      16 |       0 |   0.0
        D:3 |      46 |     127 |  73.4 |      15 |      21 |  58.3
        D:4 |     199 |       0 |   0.0 |       4 |       0 |   0.0
            +---------+---------+-------+---------+---------+-------
